AoeStats
← 白内障看不清,充能步枪滋眼睛

Arena

509365725Analyzed
4v4 RM · 7d ago on Sep 26, 2026· 49m 14s· 8 players
Game mode
Random Map
Map size
Large (8 player)
Population
200
Speed
Normal
Resources
Standard
Victory
Conquest
Starting age
Dark Age
Ending age
Imperial Age
RankedLock teamsTeams togetherTeam positionsShared explorationLock speedFull tech treeHidden civsTurbo modeCheats
Victory
Defeat
🇪🇸 Inca · Spain
1008
+45
🇰🇷 Berbers · South Korea
1006
+16
🇰🇷 Bohemians · South Korea
976
+17
🇰🇷 Armenians · South Korea
972
+17
🇹🇷 Celts · Türkiye
1029
-17
🇨🇳 Teutons · China
1003
-17
🇨🇳 Mongols · China
996
-16
Frank9112750
11:05 Feudal Age
15:20 Castle Age
13:41 Double-Bit Axe
14:08 Horse Collar
21:30 Wheelbarrow
23:20 Heavy Plow
25:17 Loom
28:13 Imperial Age
26:07 Forging
26:19 Fletching
27:49 Hand Cart
28:14 Bow Saw
29:06 Iron Casting
28:33 Scale Mail Armor
29:58 Chemistry
30:14 Gold Mining
30:01 Heavy Scorpion
31:41 Conscription
31:58 Crop Rotation
32:12 Ballistics
32:39 Bodkin Arrow
32:45 Padded Archer Armor
32:13 Capped Ram
33:21 Masonry
34:10 Siege Ram
38:05 Elite Kamayuk
rneod2
11:05 Feudal Age
14:49 Castle Age
13:11 Double-Bit Axe
13:37 Loom
13:34 Horse Collar
22:25 Heavy Plow
26:27 Imperial Age
26:01 Chemistry
26:13 Ballistics
26:07 Bow Saw
27:00 Fortified Wall
28:19 Houfnice
31:44 Wheelbarrow
30:54 Town Watch
31:20 Siege Engineers
33:02 Hand Cart
32:47 Town Patrol
33:09 Masonry
34:08 Squires
35:31 Two-Man Saw
34:45 Elite Skirmisher
36:53 Scale Mail Armor
37:04 Forging
38:48 Pikeman
39:14 Arson
39:32 Halberdier
48:40 Man-at-Arms
50:05 Iron Casting
49:45 Chain Mail Armor
parkzzil
11:31 Feudal Age
12:18 Double-Bit Axe
15:54 Castle Age
15:50 Bloodlines
16:49 Husbandry
17:44 Scale Barding Armor
30:05 Imperial Age
27:36 Light Cavalry
27:58 Horse Collar
28:32 Bow Saw
28:49 Heavy Plow
29:12 Chain Barding Armor
29:28 Gold Mining
29:35 Fletching
31:05 Fortified Wall
30:36 Treadmill Crane
31:57 Chemistry
30:39 Cavalier
31:33 Heavy Camel Rider
34:43 Crop Rotation
33:37 Hussar
35:01 Kasbah
35:22 Conscription
37:32 Ballistics
37:08 Elite Genitour
39:08 Plate Barding Armor
39:12 Gold Shaft Mining
38:27 Stone Mining
43:19 Thumb Ring
43:40 Forging
43:25 Bodkin Arrow
44:15 Stone Shaft Mining
ggkdigk
0:26 Loom
11:10 Feudal Age
12:51 Feudal Age
14:05 Double-Bit Axe
14:18 Stone Mining
17:31 Castle Age
15:25 Gold Mining
16:03 Fletching
16:37 Horse Collar
20:57 Wheelbarrow
20:19 Bodkin Arrow
21:53 Padded Archer Armor
24:26 Hand Cart
24:23 Bow Saw
25:57 Treadmill Crane
27:40 Ballistics
28:13 Leather Archer Armor
35:54 Imperial Age
33:42 Heavy Plow
38:20 Gold Shaft Mining
39:22 Fortified Wall
42:05 Bracer
42:35 Ring Archer Armor
41:43 Elite Composite Bowman
43:42 Chemistry
43:17 Conscription
46:34 Capped Ram
47:44 Siege Ram
白内障看不清,充能步枪滋眼睛
11:11 Feudal Age
11:50 Double-Bit Axe
17:04 Castle Age
14:59 Horse Collar
17:35 Wheelbarrow
18:20 Heavy Plow
18:37 Bow Saw
23:46 Hand Cart
28:14 Imperial Age
26:34 Stone Mining
26:40 Gold Mining
29:38 Pikeman
30:19 Squires
30:04 Arson
31:24 Chemistry
30:45 Ballistics
30:19 Fletching
30:30 Padded Archer Armor
30:40 Forging
30:31 Scale Mail Armor
30:57 Conscription
30:15 Halberdier
31:14 Crossbowman
32:10 Arbalester
35:04 Yeomen
36:04 Warwolf
36:49 Murder Holes
38:20 Bodkin Arrow
39:03 Iron Casting
38:43 Chain Mail Armor
38:44 Leather Archer Armor
38:24 Bodkin Arrow
44:15 Bracer
44:45 Ring Archer Armor
45:16 Blast Furnace
44:46 Plate Mail Armor
44:25 Siege Engineers
Jack Sparrow
4:30 Loom
11:33 Feudal Age
12:30 Feudal Age
17:05 Castle Age
16:03 Forging
16:41 Scale Mail Armor
16:05 Man-at-Arms
17:27 Arson
17:36 Long Swordsman
28:43 Imperial Age
37:48 Wheelbarrow
42:45 Horse Collar
45:11 Two-Handed Swordsman
45:37 Gambesons
45:38 Pikeman
46:34 Halberdier
白桵
13:10 Feudal Age
17:10 Castle Age
15:40 Double-Bit Axe
15:40 Horse Collar
17:52 Wheelbarrow
18:24 Stone Mining
18:28 Gold Mining
21:29 Stone Shaft Mining
21:02 Heavy Plow
21:39 Bow Saw
31:35 Imperial Age
29:24 Hand Cart
30:45 Forging
30:37 Scale Mail Armor
31:06 Caravan
32:40 Iron Casting
33:16 Conscription
33:22 Fletching
33:14 Onager
35:57 Bodkin Arrow
36:34 Ballistics
35:47 Pikeman
36:28 Squires
36:14 Arson
37:25 Gambesons
38:20 Siege Onager
42:43 Halberdier
46:03 Blast Furnace
45:19 Chain Mail Armor
白仔
11:34 Feudal Age
13:02 Double-Bit Axe
15:38 Castle Age
16:21 Wheelbarrow
15:53 Horse Collar
23:00 Scale Barding Armor
24:16 Bloodlines
25:32 Husbandry
25:34 Loom
25:35 Town Watch
27:34 Forging
27:45 Chain Barding Armor
27:18 Fletching
31:25 Imperial Age
29:39 Light Cavalry
31:44 Iron Casting
31:05 Bodkin Arrow
31:43 Ballistics
33:21 Conscription
32:41 Hussar
33:47 Bow Saw
33:46 Heavy Plow
34:36 Hand Cart
35:33 Blast Furnace
34:40 Bracer
39:50 Chemistry
38:47 Murder Holes
38:41 Heavy Camel Rider
40:22 Elite Mangudai
41:38 Hoardings
41:54 Gold Mining
41:55 Stone Mining
42:13 Padded Archer Armor
43:42 Onager
46:12 Onager
Connection lost

Rejoining the realm…

Still unreachable

The connection could not be restored.

Session expired

The server has moved on; the page needs a fresh start.